 Dungeon Crawl Stone Soup version 0.18.1-8-gdd0e5ea (webtiles) character file.

475 Jersh the Slinger (level 7, -2/45 HPs)
             Began as a Halfling Hunter on June 5, 2016.
             Slain by a human zombie (4 damage)
             ... in an ossuary.
             The game lasted 00:32:07 (3124 turns).

Jersh the Slinger (Halfling Hunter)                 Turns: 3124, Time: 00:32:08

Health: -2/45      AC:  5    Str: 12    XL:     7   Next: 32%
Magic:  7/7        EV: 19    Int: 10    God:
Gold:   223        SH:  0    Dex: 17    Spells: 0 memorised, 6 levels left

rFire  . . .     SeeInvis +     n - +0 falchion
rCold  . . .     Gourm    .     c - +1 leather armour
rNeg   . . .     Faith    .     (shield restricted)
rPois  .         Spirit   .     (no helmet)
rElec  .         Dismiss  .     p - +0 cloak
rCorr  .         Reflect  .     (no gloves)
SustAt .         Harm     .     (no boots)
MR     .....                    (no amulet)
Stlth  ++........               o - +3 ring of evasion
                                i - ring of see invisible

@: not resistant to hostile enchantments, unstealthy
A: mutation resistance 1
a: no special abilities


You were in an ossuary.
You were not hungry.

You visited 1 branch of the dungeon, and saw 4 of its levels.
You also visited: Ossuary.

You collected 223 gold pieces.

Inventory:

Hand Weapons
 a - a +2 hunting sling
 b - a +0 short sword
 n - a +0 falchion (weapon)
 q - a +0 hunting sling
 r - a +0 greatsling
 s - a cursed -3 dagger
 B - a +1 morningstar of venom
Missiles
 d - a throwing net
 l - 102 stones (quivered)
 u - 63 arrows
 x - 33 poisoned needles
 C - 3 tomahawks
Armour
 c - a +1 leather armour (worn)
 g - a +0 robe
 k - a +0 fire dragon armour
 p - a +0 cloak (worn)
 y - a cursed +0 robe
Jewellery
 i - a ring of see invisible (left hand)
 j - an uncursed amulet of faith
 o - a +3 ring of evasion (right hand)
 w - a +4 ring of protection {unknown}
Wands
 A - a wand of flame (15/48)
Scrolls
 v - a scroll of noise
 z - a scroll of enchant armour
Potions
 e - a potion of flight
 m - a potion of cancellation
Comestibles
 f - a bread ration
 h - a meat ration
 D - a beef jerky


   Skills:
 + Level 2.4 Fighting
 + Level 0.6 Short Blades
 + Level 10.1 Slings
 + Level 0.2(4.8) Throwing
 + Level 1.9 Armour
 + Level 3.5 Dodging
 + Level 1.8 Stealth


You had 6 spell levels left.
You didn't know any spells.

Dungeon Overview and Level Annotations

Branches:
Dungeon (4/15)
 Temple: D:4-7

Altars:

Annotations:
D:3 Robin


Innate Abilities, Weirdness & Mutations

You are small and have problems with some larger weapons.
You are somewhat resistant to further mutation.


Message History

You destroy the hobgoblin zombie!
Evoking this partially-identified wand wasted a few charges.
The human zombie hits you.
* * * LOW HITPOINT WARNING * * *
The hobgoblin zombie misses you. The elf zombie completely misses you.
The adder zombie bites you but does no damage.
The adder zombie misses you.
Really attack while wielding your +2 hunting sling?
Okay, then.
n - a +0 falchion (weapon)
The hobgoblin zombie completely misses you.
The human zombie hits you but does no damage.
The hobgoblin zombie misses you. The elf zombie hits you.
* * * LOW HITPOINT WARNING * * *
You hit the hobgoblin zombie.
The adder zombie bites you but does no damage.
The adder zombie closely misses you. The adder zombie misses you.
The hobgoblin zombie closely misses you.
The human zombie hits you.
You die...

...............
...............
...............
...............
...............
...............
...............
......ZZZ(.....
......Z@Z......
......Z.Z......
.....(.........
...............
....(..........
...............
...(...........
...............


You could see 2 adder zombies, 3 hobgoblin zombies, an elf zombie and a human
zombie.

Vanquished Creatures
  The ghost of nikopol the Skirmisher, an amateur MiBe of Trog (D:3)
  A hound (D:3)
  3 orc wizards
  Jessica (D:2)
  Natasha (D:2)
  A worker ant (D:4)
  A mummy (D:4)
  4 adders
  7 gnolls (D:3)
  An ooze (D:1)
  3 dart slugs
  A giant gecko (D:4)
  11 orcs
  3 bats (D:1)
  2 giant cockroaches
  8 goblins
  7 hobgoblins
  3 giant newts
  3 goblin zombies (Ossuary)
  2 hobgoblin zombies
  7 kobolds
  6 rats
  A rat zombie (Ossuary)
78 creatures vanquished.

Notes
Turn   | Place    | Note
--------------------------------------------------------------
     0 | D:1      | Jersh the Halfling Hunter began the quest for the Orb.
     0 | D:1      | Reached XP level 1. HP: 14/14 MP: 1/1
    15 | D:1      | Reached skill level 6 in Slings
    64 | D:1      | Reached XP level 2. HP: 19/19 MP: 2/2
   393 | D:1      | Reached XP level 3. HP: 24/24 MP: 3/3
   646 | D:2      | Reached skill level 7 in Slings
   711 | D:2      | Noticed Jessica
   715 | D:2      | Killed Jessica
   715 | D:2      | Reached XP level 4. HP: 29/29 MP: 4/4
   998 | D:2      | Noticed Natasha
  1004 | D:2      | Killed Natasha
  1189 | D:3      | Reached XP level 5. HP: 34/34 MP: 5/5
  1195 | D:3      | Reached skill level 8 in Slings
  1211 | D:3      | Noticed nikopol's ghost (amateur MiBe)
  1244 | D:3      | Killed nikopol's ghost
  1244 | D:3      | Reached skill level 9 in Slings
  1244 | D:3      | Reached skill level 1 in Armour
  1244 | D:3      | Reached XP level 6. HP: 37/39 MP: 6/6
  1908 | D:3      | HP: 1/39 [poisoned by an orc]
  2382 | D:3      | Noticed Robin
  2426 | D:3      | HP: 1/39 [hobgoblin[Robin] (5)]
  2639 | D:3      | Reached skill level 10 in Slings
  2639 | D:3      | Reached XP level 7. HP: 31/45 MP: 7/7
  3082 | D:4      | Found a sand-covered staircase.
  3101 | Ossuary  | Entered an ossuary
  3123 | Ossuary  | HP: 2/45 [elf zombie (5)]
  3124 | Ossuary  | Slain by a human zombie

Skill      XL: |  1  2  3  4  5  6 |
---------------+-------------------+-----
Slings         | 6 7 9 10 | 10.1
Fighting       | 2 |  2.4
Armour         | 1 |  1.9
Dodging        | 3 |  3.5
Short Blades   | |  0.6
Throwing       | |  0.2
Stealth        | |  1.8

Action                   |  1- 3 |  4- 6 |  7- 9 || total
-------------------------+-------+-------+-------++-------
Melee: Short sword       |       |    79 |    38 ||   117
       Falchion          |       |       |     1 ||     1
 Fire: Hunting sling     |    48 |   137 |    23 ||   208
Throw: Stone             |       |       |     9 ||     9
Evoke: Wand              |       |       |     3 ||     3
  Use: Potion            |     2 |     6 |       ||     8
       Scroll            |     3 |    10 |       ||    13
  Eat: Bread ration      |       |     1 |     1 ||     2
       Pizza             |       |     1 |       ||     1
Armor: Leather armour    |     1 |    23 |    15 ||    39
Dodge: Dodged            |     9 |   110 |    82 ||   201
